 Dungeon Crawl Stone Soup version 0.30.1-3-gfc49f6343a (webtiles) character file.

Game seed: 3708009117387873260

730 Wiggles the Chopper (level 7, -21/61 HPs)
             Began as a Minotaur Berserker on July 19, 2023.
             Was a Priest of Trog.
             Demolished by an ogre
             ... wielding a +0 giant club
              (24 damage)
             ... on level 5 of the Dungeon.
             The game lasted 00:05:43 (3402 turns).

Wiggles the Chopper (Minotaur Berserker)            Turns: 3402, Time: 00:05:44

Health: -21/61     AC: 14    Str: 25    XL:     7   Next: 44%
Magic:  6/6        EV: 12    Int:  4    God:    Trog [***...]
Gold:   210        SH:  0    Dex: 10    Spells: 6/6 levels left

rFire   + + .        a - +0 hand axe
rCold   . . .        (no shield)
rNeg    . . .        p - +2 ring mail of Patience {rElec rF++ Str+2 Stlth+}
rPois   .            (helmet restricted)
rElec   +            g - +0 cloak
rCorr   .            n - +0 pair of gloves
SInv    .            (no boots)
Will    ++...        q - amulet of the acrobat
Stlth   ++           u - +4 ring of protection
HPRegen 1.30/turn    (no ring)
MPRegen 0.10/turn

%: acrobat
@: strong-willed, on berserk cooldown, regenerating, slowed, very slow
A: horns 2, retaliatory headbutt
a: Renounce Religion, Berserk, Trog's Hand


You were on level 5 of the Dungeon.
You worshipped Trog.
Trog was most pleased with you.
You visited 1 branch of the dungeon, and saw 5 of its levels.

You collected 210 gold pieces.

Inventory:

Hand Weapons
 a - a +0 hand axe (weapon)
Armour
 e - a +0 chain mail
 g - a +0 cloak (worn)
 n - a +0 pair of gloves (worn)
 p - the +2 ring mail of Patience (worn) {rElec rF++ Str+2 Stlth+}
   (You found it on level 3 of the Dungeon)

   Str:       It affects your strength (+2).
   rF:        It greatly protects you from fire.
   rElec:     It insulates you from electricity.
   Stlth:     It makes you more stealthy.
Jewellery
 q - an amulet of the acrobat (around neck)
 u - a +4 ring of protection (left hand)
Scrolls
 b - a scroll of teleportation {unknown}
 c - 2 scrolls of enchant armour {unknown}
 h - a scroll of immolation {unknown}
 i - 6 scrolls of identify {unknown}
 k - a scroll of noise {unknown}
 m - 2 scrolls of fear {unknown}
 r - a scroll of enchant weapon {unknown}
 s - a scroll of brand weapon {unknown}
 v - a scroll of fog {unknown}
Potions
 f - a potion of mutation {unknown}
 j - a potion of curing
 l - a potion of invisibility {unknown}
 o - a potion of heal wounds
 t - a potion of haste {unknown}


   Skills:
 + Level 5.3 Fighting
 + Level 7.5 Axes
 + Level 5.3 Armour
 + Level 3.6 Dodging
 + Level 1.4 Stealth


You had 6 spell levels left.
You didn't know any spells.
Your spell library was empty.

Dungeon Overview and Level Annotations

Branches:
Dungeon (5/15)
 Temple: D:4-7

Altars:
Dithmenos
Elyvilon
Okawaru


Innate Abilities, Weirdness & Mutations

You have a pair of horns on your head.
You reflexively headbutt those who attack you in melee.


Message History

The scorpion stings you.
* * * LOW HITPOINT WARNING * * *
You are poisoned.
The scorpion poisons you!
It was a potion of curing.
You feel better. The wyvern closely misses you. You furiously retaliate!
You headbutt the wyvern. The ogre completely misses you.
The orc hits you but does no damage.
The scorpion stings you but does no damage.
The wyvern barely misses you. The orc barely misses you.
You furiously retaliate!
You headbutt the orc!
You kill the orc!
Trog accepts your kill.
The scorpion stings you but does no damage.
You feel better. The wyvern bites you! The ogre hits you with a +0 giant club.
* * * LOW HITPOINT WARNING * * *
The wyvern hisses menacingly.
The wyvern bites you!
* * * LOW HITPOINT WARNING * * *
The hound bites you but does no damage.
The scorpion stings you but does no damage.
The wyvern bites you but does no damage.
The hound bites you but does no damage.
It was a potion of heal wounds.
You feel much better.
The scorpion stings you but does no damage.
The hound closely misses you. The wyvern misses you.
The ogre hits you with a +0 giant club!!
* * * LOW HITPOINT WARNING * * *
The scorpion stings you but does no damage.
The hound bites you but does no damage. The wyvern completely misses you.
There are monsters nearby!
It was a potion of berserk rage.
You're still recovering from your berserk rage.
The wyvern barely misses you. The hound bites you.
* * * LOW HITPOINT WARNING * * *
The scorpion barely misses you. You furiously retaliate!
You headbutt the scorpion!
You kill the scorpion!
Trog accepts your kill.
The ogre hits you with a +0 giant club!!
You die...

#.#..........$.....#....#
#.#.###..#.......†....#...
..#.# .#......†..........
##### #...######†########
#... #.# ... .# #.## ..#
#).## # #...#'#..
#@l..$... #h.O..^..#
#.........# ......⌠...#'
###.........# ##........#
.#........ .#...#'#..


You could see a wyvern, an ogre and a hound.

Vanquished Creatures
  An ogre (D:5)
  A phantom (D:5)
  4 scorpions (D:5)
  2 howler monkeys (D:5)
  2 hounds
  An iguana (D:4)
  4 gnolls (D:4)
  10 adders
  A worm (D:2)
  2 dart slugs
  10 orcs
  8 bats
  6 endoplasms
  A giant cockroach (D:1)
  8 goblins
  7 hobgoblins
  3 jackals (D:3)
  8 kobolds
  5 quokkas
  8 ball pythons
  4 frilled lizards
  3 rats
99 creatures vanquished.

Notes
Turn   | Place    | Note
-------+----------+-------------------------------------------
     0 | D:1      | Wiggles the Minotaur Berserker began the quest for the Orb.
     0 | D:1      | Reached XP level 1. HP: 19/19 MP: 0/0
    38 | D:1      | Reached XP level 2. HP: 27/27 MP: 1/1
    54 | D:1      | Reached skill level 4 in Axes
   285 | D:1      | Reached ** piety under Trog
   293 | D:1      | Reached XP level 3. HP: 33/33 MP: 2/2
   740 | D:2      | Identified the staff of conjuration "Eghus" {rF+++ rCorr
                  | Str-5 SInv}
   750 | D:2      | Found a faded altar of an unknown god.
   959 | D:2      | Reached XP level 4. HP: 39/40 MP: 3/3
  1152 | D:3      | Identified the +2 ring mail of Patience {rElec rF++ Str+2
                  | Stlth+}
  1846 | D:3      | Reached *** piety under Trog
  1847 | D:3      | Reached skill level 5 in Axes
  2176 | D:4      | Reached XP level 5. HP: 37/47 MP: 4/4
  2454 | D:4      | Found an iron altar of Okawaru.
  2631 | D:4      | Reached XP level 6. HP: 11/55 MP: 5/5
  2632 | D:4      | Found a shadowy altar of Dithmenos.
  3142 | D:5      | Entered Level 5 of the Dungeon
  3152 | D:5      | Reached skill level 6 in Axes
  3152 | D:5      | Reached skill level 1 in Stealth
  3181 | D:5      | Found a white marble altar of Elyvilon.
  3296 | D:5      | Reached skill level 5 in Fighting
  3342 | D:5      | Reached skill level 5 in Armour
  3342 | D:5      | Reached XP level 7. HP: 44/61 MP: 6/6
  3378 | D:5      | Reached skill level 7 in Axes
  3391 | D:5      | Noticed a wyvern
  3400 | D:5      | HP: 3/61 [wyvern (10)]
  3402 | D:5      | Demolished by an ogre

Illustrated notes

Levels and vault maps discovered:
D:1:      tarquinn_simple_flora_water_a, layout_rooms, minivault_25
D:2:      layout_rooms, nicolae_ecumenical_oubliette
D:3:      layout_basic, serial_rivers, chequers_serial_rivers_room_a,
          chequers_serial_rivers_large_b, chequers_serial_rivers_large_a,
          chequers_serial_rivers_micro_d, chequers_serial_rivers_small_a,
          hangedman_decor_opposing, minivault_14
D:4:      layout_basic, okawaru_gym_becter, grunt_dithmenos_smoke,
          serial_corexii_hall, chequers_hall_statues_wall_a,
          chequers_hall_statues_corner_a
D:5:      layout_basic, mainiacjoe_overflow_chevrons,
          minmay_temple_entry_junction, minmay_pentangle

Skill      XL: |  1  2  3  4  5  6  7 |
---------------+----------------------+-----
Axes           | 4 5 6 7 |  7.5
Fighting       | 4 5 |  5.3
Armour         | 3 4 5 |  5.3
Dodging        | 3 |  3.6
Stealth        | 1 |  1.4

Action                     |  1- 3 |  4- 6 |  7- 9 || total
---------------------------+-------+-------+-------++-------
  Melee: Hand axe          |    73 |   148 |    22 ||   243
         Headbutt          |     7 |    12 |     4 ||    23
         Punch             |     1 |     1 |       ||     2
 Invoke: Berserk           |       |     1 |     1 ||     2
         Trog's Hand       |       |       |     1 ||     1
    Use: Potion            |       |       |     4 ||     4
   Stab: Sleeping          |       |     2 |       ||     2
         Distracted        |       |     1 |       ||     1
 Armour: Animal skin       |    12 |       |       ||    12
         Chain mail        |    22 |     9 |       ||    31
         Ring mail         |       |    60 |    22 ||    82
  Dodge: Dodged            |    53 |    97 |    22 ||   172
